 Dungeon Crawl Stone Soup version 0.25-a0-44-g29a1220a87 (webtiles) character file.

Game seed: 7072914987517149359, levelgen mode: deterministic

144 Alarkh the Slasher (level 5, 38/41 HPs)
             Began as a Demonspawn Fighter on Oct 24, 2019.
             Got out of the dungeon alive.
             The game lasted 00:01:42 (1615 turns).

Alarkh the Slasher (Demonspawn Fighter)             Turns: 1615, Time: 00:01:43

Health: 38/41      AC:  6    Str: 16    XL:     5   Next: 5%
Magic:  5/5        EV:  6    Int: 10    God:
Gold:   144        SH:  8    Dex: 13    Spells: 4/4 levels left

rFire    . . .     SeeInvis .   a - +0 long sword
rCold    . . .     Gourm    .   c - +0 shield
rNeg     . . .     Faith    .   b - +0 scale mail
rPois    .         Spirit   .   (helmet restricted)
rElec    .         Reflect  .   (no cloak)
rCorr    .         Harm     .   (no gloves)
MR       .....                  (no boots)
Stlth    ..........             (no amulet)
HPRegen  0.13/turn              (no ring)
MPRegen  0.09/turn              (no ring)

@: no status effects
A: antennae 1, hooves 1, spiny 1
a: no special abilities


You escaped.
You were not hungry.

You visited 1 branch of the dungeon, and saw 3 of its levels.

You collected 144 gold pieces.

Inventory:

Hand Weapons
 a - a +0 long sword (weapon)
Armour
 b - a +0 scale mail (worn)
 c - a +0 shield (worn)
Scrolls
 e - 2 scrolls of teleportation {unknown}
 h - a scroll of amnesia {unknown}
 i - 2 scrolls of remove curse {unknown}
 j - 2 scrolls of identify {unknown}
 l - a scroll of fear {unknown}
 m - a scroll of magic mapping {unknown}
Potions
 d - a potion of might
 o - a potion of mutation {unknown}
Comestibles
 f - 6 rations


   Skills:
 - Level 3.0 Fighting
 - Level 3.5 Long Blades
 - Level 3.1 Armour
 - Level 0.1 Dodging
 - Level 2.7 Shields
 + Level 2.4 Unarmed Combat


You had 4 spell levels left.
You didn't know any spells.
Your spell library was empty.

Dungeon Overview and Level Annotations

Branches:
Dungeon (3/15)

Altars:


Innate Abilities, Weirdness & Mutations

You have a pair of small antennae on your head.
You have large cloven feet.
You are partially covered in sharp spines.


Message History

You feel sick.
You climb upwards.
There is a stone staircase leading down, spattered with blood here.
Things that are here:
a +0 chain mail; a +0 flail; an orc skeleton You feel sick.
You feel sick.
You are no longer poisoned.
You see here a +0 club.
There is a stone staircase leading up here.
You climb upwards.
There is a stone staircase leading down here.
HP restored.
You see here 17 poisoned darts.
There is an open door here.
You see here a hunting sling.
There is an open door here.
There is a staircase leading out of the dungeon here.
Are you sure you want to leave the Dungeon?
This will make you lose the game!
You have escaped!

#.# #.# #.# #.# #.#
############### #.# #.#
##.............## #.# #.#
#..#####+#####..# #.# #.#
#.#####...#####.## #.# #.#
##.###.......###..# #.# #.#
#...#.........#...# #.# #.#
#...'....@....+...# #.# ####.#
#...#.........#...# #.####
.....# ##.###.......###(##
#.#... ###..# #'#####...#####'#
#.####
##.####....###'####...####.#
#.##รท......##.##.......##.####
#.#.........#)#.........#.....
#.#.........'.'.........######
#.#.........#.#.........#


There were no monsters in sight!

Vanquished Creatures
  An orc priest (D:3)
  Terence (D:2)
  4 adders
  2 oozes
  A dart slug (D:1)
  A worm (D:2)
  2 leopard geckos (D:1)
  3 orcs
  2 bats
  A giant cockroach (D:1)
  4 hobgoblins
  4 jackals
  A ball python (D:2)
  2 frilled lizards (D:1)
  4 goblins
  7 kobolds
  3 rats
43 creatures vanquished.

Notes
Turn   | Place    | Note
-------+----------+-------------------------------------------
     0 | D:1      | Alarkh the Demonspawn Fighter began the quest for the Orb.
     0 | D:1      | Reached XP level 1. HP: 18/18 MP: 1/1
   160 | D:1      | Gained mutation: You are partially covered in sharp spines.
                  | [demonic ancestry]
   160 | D:1      | Reached XP level 2. HP: 24/24 MP: 2/2
   849 | D:2      | Reached XP level 3. HP: 24/29 MP: 3/3
   970 | D:2      | Gained mutation: You have large cloven feet. [demonic
                  | ancestry]
   970 | D:2      | Reached XP level 4. HP: 35/35 MP: 4/4
  1139 | D:2      | Noticed Terence
  1149 | D:2      | Killed Terence
  1149 | D:2      | Reached skill level 1 in Unarmed Combat
  1520 | D:3      | Gained mutation: You have a pair of small antennae on your
                  | head. [demonic ancestry]
  1520 | D:3      | Reached XP level 5. HP: 29/41 MP: 5/5
  1615 | D:$      | Got out of the dungeon alive.

Levels and vault maps discovered:
D:1:      dpeg_arrival_three_smaller_balls, layout_basic
D:2:      layout_basic, first_ration, uniq_terence
D:3:      layout_loops_corners, ebering_ghost_reflecting_pool,
          grunt_ministairs_6, hangedman_decor_diamond_cutter

Skill      XL: |  1  2  3  4 |
---------------+-------------+-----
Armour         | 3 |  3.1
Long Blades    | 2 3 |  3.5
Unarmed Combat | 2 |  2.4
Fighting       | |  3.0
Dodging        | |  0.1
Shields        | |  2.7

Action                   |  1- 3 |  4- 6 || total
-------------------------+-------+-------++-------
Melee: Long sword        |    78 |    39 ||   117
       Kick              |       |    14 ||    14
  Use: Potion            |       |     2 ||     2
  Eat: Chunk             |       |     2 ||     2
Armor: Scale mail        |    37 |    12 ||    49
Dodge: Dodged            |    20 |    14 ||    34
Block: Shield            |    34 |    20 ||    54
       Rpst.: Long sword |     7 |     5 ||    12

Table legend:
 A = Non-vault XP
 B = Vault XP
 C = Vault XP percentage of total XP
 D = Non-vault monster count
 E = Vault monster count
 F = Vault count percentage of total count
                 A         B        C        D         E       F
            +---------+---------+-------+---------+---------+-------
      Total |     121 |      85 |  41.3 |      36 |       7 |  16.3
            +---------+---------+-------+---------+---------+-------
        D:1 |      36 |       0 |   0.0 |      17 |       0 |   0.0
        D:2 |      69 |      35 |  33.7 |      17 |       2 |  10.5
        D:3 |      16 |      50 |  75.8 |       2 |       5 |  71.4
            +---------+---------+-------+---------+---------+-------
